 Dungeon Crawl Stone Soup version 0.18-a0-1121-gb454403 (webtiles) character file.

2268 Geeful the Firebug (level 9, 0/51 HPs)
             Began as an Octopode Fire Elementalist on Jan 18, 2016.
             Slain by a centaur (6 damage)
             ... on level 7 of the Dungeon.
             The game lasted 00:27:34 (8626 turns).

Geeful the Firebug (Octopode Fire Elementalist)     Turns: 8626, Time: 00:27:34

Health: 0/51       AC:  6    Str:  7    XL:     9   Next: 38%
Magic:  10/19      EV: 12    Int: 21    God:
Gold:   362        SH:  0    Dex: 12    Spells: 2 memorised, 16 levels left

rFire  + + .     SeeInvis .     r - +1 morningstar (protect)
rCold  . . .     Gourm    .     (no shield)
rNeg   . . .     Faith    .     (helmet restricted)
rPois  .         Spirit   .     (no amulet)
rElec  .         Dismiss  .     e - ring of protection from fire
rCorr  .         Reflect  .     l - ring of protection from magic
SustAt .         Harm     .     q - ring of protection from fire
MR     ++...                    t - ring of protection from magic (curse)
Stlth  +++.......               (no ring)
                                (no ring)
                                (no ring)
                                (no ring)

@: very resistant to hostile enchantments, fairly stealthy
A: almost no armour, amphibious, 8 rings, constrict 8, camouflage 1, gelatinous
body 1
a: no special abilities


You were on level 7 of the Dungeon.
You were hungry.

You visited 1 branch of the dungeon, and saw 7 of its levels.

You collected 362 gold pieces.

Inventory:

Hand Weapons
 g - a +2 whip of flaming
 k - a +1 war axe of freezing
 r - a +1 morningstar of protection (weapon)
Missiles
 o - 4 tomahawks (quivered)
Jewellery
 e - a ring of protection from fire (left tentacle)
 l - a ring of protection from magic (right tentacle)
 q - a ring of protection from fire (on tentacle)
 t - a cursed ring of protection from magic (on tentacle)
Wands
 A - a wand of frost (28/48)
Scrolls
 c - a scroll of amnesia
 i - 2 scrolls of enchant armour
 u - a scroll of immolation
 v - 3 scrolls of remove curse
 x - a scroll of recharging
Potions
 d - 5 potions of curing
 f - a potion of brilliance
 h - 3 potions of heal wounds
 j - 3 potions of haste
 p - 2 potions of agility
 s - a potion of berserk rage
 w - a potion of flight
 B - a potion of ambrosia {unknown}
Books
 a - a book of Flames

   Spells                             Type                      Level
   a - Flame Tongue                   Conjuration/Fire             1
   b - Throw Flame                    Conjuration/Fire             2
   c - Conjure Flame                  Conjuration/Fire             3
   d - Inner Flame                    Hexes/Fire                   3
   e - Sticky Flame                   Conjuration/Fire             4
   f - Fireball                       Conjuration/Fire             5
Comestibles
 b - 5 bread rations
 m - 3 beef jerkies
 n - 4 meat rations
 z - a chunk of flesh


   Skills:
 - Level 2.0 Dodging
 - Level 2.6 Stealth
 + Level 6.8 Spellcasting
 + Level 7.1 Conjurations
 + Level 7.5 Fire Magic


You had 16 spell levels left.
You knew the following spells:

 Your Spells              Type           Power        Failure   Level  Hunger
a - Flame Tongue          Conj/Fire      #####        1%          1    None
b - Sticky Flame          Conj/Fire      #####...     4%          4    ###....


Dungeon Overview and Level Annotations

Branches:
Dungeon (7/15)
 Temple: D:4-7

Altars:
Ashenzari
Cheibriados
Elyvilon
Kikubaaqudgha
Makhleb
Nemelex Xobeh
Qazlal
Trog
Vehumet
The Shining One

Annotations:
D:6 1 runed door


Innate Abilities, Weirdness & Mutations

You cannot wear most types of armour.
You are amphibious.
You can wear up to eight rings at the same time.
You can use your tentacles to constrict eight enemies at once.
Your skin changes colour to match your surroundings (Stealth).
Your rubbery body absorbs attacks (AC +1).


Message History

Confirm with . or Enter, or press ? or * to list all spells.
Aiming: Sticky Flame
Press: ? - help, Shift-Dir - straight line, f - centaur
Aim: a centaur The sticky flame hits the centaur.
The centaur is heavily wounded.
The centaur is covered in liquid flames!
You are feeling hungry.
The centaur burns!
The centaur closely misses you.
Casting: Sticky Flame
Confirm with . or Enter, or press ? or * to list all spells.
Aiming: Flame Tongue
Press: ? - help, Shift-Dir - straight line, f/p - centaur
Aim: a centaur (heavily wounded, covered in liquid flames)
The flame tongue hits the centaur.
The centaur is severely wounded.
The centaur burns!
The centaur hits you.
* * * LOW HITPOINT WARNING * * *
The centaur hits you.
You die...

######### #..(....#
#.......#
####.......#..
#............. ..
##.#............. #.#
#... #(# .......
...#..####@# .....o.
. #.#...(..c# .......
#.###....#.####
....... ......#.##.#
.......## #....#H...#
........# #.....(...#
#.###### #....####.#
#....... #### #.#
#######.######
#.######.....)...##..


You could see a centaur (burning).

Vanquished Creatures
  Pikel (D:4)
  A hippogriff (D:7)
  Menkaure (D:4)
  Duvessa (D:6)
  The ghost of Wallaby3 the Sneak, an amateur SpAr (D:3)
  An orc warrior (D:6)
  A sky beast (D:5)
  A slave (D:4)
  2 ogres
  A phantom (D:4)
  Dowan (D:6)
  2 scorpions
  2 crimson imps (D:5)
  A quasit (D:7)
  5 orc wizards
  A centaur skeleton (D:6)
  2 orc priests
  3 jellies
  An iguana (D:7)
  5 worker ants
  Robin (D:4)
  A worker ant zombie (D:6)
  A gnoll (D:1)
  9 adders
  2 oozes
  An adder skeleton (D:5)
  A worm (D:3)
  2 giant geckos
  17 orcs
  10 bats
  4 giant cockroaches
  17 goblins
  12 hobgoblins
  7 jackals (D:3)
  2 quokkas
  3 ball pythons
  A ball python skeleton (D:5)
  A giant gecko zombie (D:6)
  4 giant newts
  A jackal skeleton (D:5)
  A jackal zombie (D:5)
  9 kobolds
  A quokka skeleton (D:3)
  10 rats
152 creatures vanquished.

Vanquished Creatures (others)
  2 slaves (D:4)
  3 worker ants (D:4)
  An adder skeleton (D:4)
  A giant cockroach (D:4)
  A giant gecko skeleton (D:4)
8 creatures vanquished.

Grand Total: 160 creatures vanquished

Notes
Turn   | Place    | Note
--------------------------------------------------------------
     0 | D:1      | Geeful the Octopode Fire Elementalist began the quest for the Orb.
     0 | D:1      | Reached XP level 1. HP: 11/11 MP: 3/3
   256 | D:1      | Reached XP level 2. HP: 17/17 MP: 0/5
   981 | D:1      | Reached XP level 3. HP: 13/21 MP: 1/7
  1753 | D:2      | Reached XP level 4. HP: 27/27 MP: 8/8
  1759 | D:2      | Learned a level 4 spell: Sticky Flame
  2631 | D:3      | Noticed Wallaby3's ghost (amateur SpAr)
  2654 | D:3      | Killed Wallaby3's ghost
  2654 | D:3      | Reached skill level 4 in Fire Magic
  2654 | D:3      | Reached XP level 5. HP: 9/31 MP: 0/10
  3517 | D:3      | Noticed a moth of wrath
  3520 | D:3      | Found a bloodstained altar of Trog.
  3553 | D:3      | Reached XP level 6. HP: 36/36 MP: 11/11
  3965 | D:3      | Found a shattered altar of Ashenzari.
  3966 | D:3      | Found a sparkling altar of Nemelex Xobeh.
  3966 | D:3      | Found a white marble altar of Elyvilon.
  3966 | D:3      | Found a stormy altar of Qazlal.
  3971 | D:3      | Found an ancient bone altar of Kikubaaqudgha.
  4255 | D:4      | Noticed a phantom
  4325 | D:4      | Noticed Menkaure
  4335 | D:4      | Killed Menkaure
  4335 | D:4      | Reached skill level 5 in Fire Magic
  4335 | D:4      | Reached XP level 7. HP: 41/41 MP: 2/13
  4859 | D:4      | Noticed Pikel
  4872 | D:4      | Killed Pikel
  4872 | D:4      | Reached skill level 5 in Spellcasting
  4872 | D:4      | Reached skill level 5 in Conjurations
  4872 | D:4      | Reached XP level 8. HP: 16/46 MP: 2/15
  4886 | D:4      | Reached skill level 6 in Fire Magic
  5173 | D:4      | Found a radiant altar of Vehumet.
  5360 | D:4      | Noticed Robin
  5388 | D:4      | Killed Robin
  5761 | D:5      | Entered Level 5 of the Dungeon
  6365 | D:5      | Found a snail-covered altar of Cheibriados.
  6372 | D:5      | Found a burning altar of Makhleb.
  7071 | D:6      | Noticed Duvessa
  7096 | D:6      | Killed Duvessa
  7096 | D:6      | Reached skill level 7 in Fire Magic
  7096 | D:6      | Reached XP level 9. HP: 46/51 MP: 14/18
  7141 | D:6      | Noticed Dowan
  7148 | D:6      | Killed Dowan
  8049 | D:6      | Found a glowing golden altar of the Shining One.
  8049 | D:6      | Noticed an angel
  8054 | D:6      | Found a runed door.
  8250 | D:7      | Got a translucent shield
  8256 | D:7      | Identified the +2 shield of Virtue {rC- Str+5} (You found it on level 7 of the Dungeon)
  8626 | D:7      | Slain by a centaur

Vault maps used:
D:1:      dpeg_arrival_arbitrary_a, minmay_misc_feat_encased,
          supply_closet_lemuel
D:2:      first_bread, patterned_corridor
D:3:      tgw_trog, minitemple
D:4:      nicolae_overflow_hidden_temple, uniq_menkaure, uniq_pikel, uniq_robin
D:5:      amethyst_overflow_temple_binary
D:6:      lemuel_angel_altar, uniq_duvessa
D:7:      minmay_temple_entry_statues, lightli_corner_chamber

Action                   |  1- 3 |  4- 6 |  7- 9 || total
-------------------------+-------+-------+-------++-------
Melee: Unarmed           |    22 |       |       ||    22
       Hand axe          |    21 |    65 |       ||    86
       Morningstar       |       |    40 |    97 ||   137
 Cast: Flame Tongue      |    34 |    26 |    48 ||   108
       Sticky Flame      |       |     2 |    31 ||    33
  Use: Potion            |     2 |     2 |     2 ||     6
       Scroll            |     5 |     7 |     4 ||    16
 Stab: Sleeping          |     6 |    11 |     4 ||    21
  Eat: Chunk             |     3 |     7 |    14 ||    24
       Beef jerky        |       |     1 |     1 ||     2
       Fruit             |       |       |     2 ||     2
